 Dungeon Crawl Stone Soup version 0.29.0-5-ge4962eb29e (webtiles) character file.

Game seed: 7405750536049010203

110 Strat the Conjurer (level 5, 0/38 HPs)
             Began as a Meteoran Hedge Wizard on Aug 30, 2022.
             Slain by an orc wizard
             ... wielding a +0 dagger
              (2 damage)
             ... on level 3 of the Dungeon.
             The game lasted 00:06:25 (691 turns).

Strat the Conjurer (Meteoran Hedge Wizard)           Turns: 691, Time: 00:06:26

Health: 0/38       AC:  4    Str: 11    XL:     5   Next: 38%
Magic:  2/12       EV: 12    Int: 18    God:
Gold:   87         SH:  0    Dex: 13    Spells: 4/12 levels left

rFire   . . .      SeeInvis .   a - +4 hand axe
rCold   + . .      Faith    .   (no shield)
rNeg    . . .      Spirit   .   o - +2 robe {rC+}
rPois   .          Reflect  .   c - +0 hat
rElec   .          Harm     .   (no cloak)
rCorr   .          Rampage  .   (no gloves)
Will    .....                   (no boots)
Stlth   +.........              (no amulet)
HPRegen 0.12/turn               (no ring)
MPRegen 0.13/turn               (no ring)

@: glowing
A: sense surroundings 1, otherworldly, glowing, explore regen
a: no special abilities


You were on level 3 of the Dungeon.
You visited 1 branch of the dungeon, and saw 3 of its levels.

You collected 87 gold pieces.

Inventory:

Hand Weapons
 a - a +4 hand axe (weapon)
 f - a +0 dagger
Missiles
 e - 6 javelins
 m - a throwing net
Armour
 b - a +0 robe
 c - a +0 hat (worn)
 k - a +0 ring mail
 o - a +2 robe of cold resistance (worn)
Scrolls
 i - a scroll of fog {unknown}
 j - a scroll of vulnerability {unknown}
Potions
 d - a potion of magic
 g - a potion of heal wounds {unknown}
 h - a potion of curing {unknown}
 l - 2 potions of cancellation {unknown}
 n - a potion of attraction {unknown}
 p - 2 potions of lignification {unknown}


   Skills:
 - Level 2.4 Dodging
 - Level 1.4 Stealth
 - Level 4.0 Spellcasting
 + Level 4.4 Conjurations
 - Level 1.2 Summonings
 - Level 1.2 Translocations
 + Level 1.9 Air Magic
 + Level 1.9 Poison Magic


You had 4 spell levels left.
You knew the following spells:

 Your Spells              Type           Power      Damage    Failure   Level
a - Magic Dart            Conj           76%        1d6       2%          1
b - Blink                 Tloc           16%        N/A       14%         2
c - Call Imp              Summ           8%         N/A       14%         2
d - Mephitic Cloud        Conj/Pois/Air  13%        N/A       14%         3

Your spell library contained the following spells:

 Spells                   Type           Power      Damage    Failure   Level
 Slow                     Hex            12%        N/A       14%         1
 Conjure Flame            Conj/Fire      11%        6-21      19%         3


Dungeon Overview and Level Annotations

Branches:
Dungeon (3/15) Zot: 1105

Altars:

Annotations:
D:2 Sigmund


Innate Abilities, Weirdness & Mutations

You passively map a small area around you.
You are easily found by Zot.
You glow in the dark.
You regain HP and MP as you explore.


Message History

You hit the kobold.
You feel sick.
You are no longer poisoned.
The adder bites you but does no damage. The kobold closely misses you.
The adder barely misses you. The kobold hits you but does no damage.
You barely miss the adder.
The adder is severely wounded.
You miss the kobold. The adder bites you but does no damage.
The kobold barely misses you. The adder bites you.
* * * LOW HITPOINT WARNING * * *
You closely miss the adder.
The adder is severely wounded.
You barely miss the kobold. The adder bites you but does no damage.
The kobold closely misses you. The adder attacks as you move away!
The adder closely misses you. The kobold misses you.
The adder bites you but does no damage.
You closely miss the adder.
The adder is severely wounded.
You closely miss the kobold. The adder closely misses you.
The kobold hits you with a +0 short sword.
* * * LOW HITPOINT WARNING * * *
The adder misses you. The kobold closely misses you.
The orc closely misses you.
The orc wizard gestures at you while chanting.
The magic dart hits you.
* * * LOW HITPOINT WARNING * * *
You closely miss the adder.
The adder is severely wounded.
You hit the orc. You barely miss the kobold. The adder bites you.
* * * LOW HITPOINT WARNING * * *
The kobold hits you with a +0 short sword.
* * * LOW HITPOINT WARNING * * *
The orc hits you but does no damage. The adder barely misses you.
You barely miss the adder.
The adder is severely wounded.
You closely miss the orc. You closely miss the kobold.
You closely miss the orc wizard. The adder closely misses you.
The kobold hits you with a +0 short sword.
* * * LOW HITPOINT WARNING * * *
The orc wizard hits you with a +0 dagger.
You die...

####### ##.....##
##...[...##
#.........#
#.....@o..#
#....oKS.>#
#.........#
#...[.....#
##.......##
#.........###
#......<....#########
#.........#.........S
#...........#########


You could see an orc wizard, an adder, an orc and a kobold.

Vanquished Creatures
  Jessica (D:2)
  2 adders (D:3)
  A gnoll (D:1)
  A dart slug (D:1)
  3 orcs (D:3)
  3 bats
  4 endoplasms
  3 hobgoblins
  A jackal (D:1)
  A quokka (D:1)
  3 ball pythons
  A frilled lizard (D:3)
  5 goblins
  A kobold (D:3)
30 creatures vanquished.

Vanquished Creatures (collateral kills)
  An adder (D:2)
  An orc (D:3)
  2 hobgoblins
  3 jackals (D:1)
  2 ball pythons
  2 rats
11 creatures vanquished.

Grand Total: 41 creatures vanquished

Notes
Turn   | Place    | Note
-------+----------+-------------------------------------------
     0 | D:1      | Strat the Meteoran Hedge Wizard began the quest for the
                  | Orb.
     0 | D:1      | Reached XP level 1. HP: 14/14 MP: 6/6
    42 | D:1      | Reached XP level 2. HP: 20/20 MP: 6/8
    45 | D:1      | Learned a level 2 spell: Blink
    48 | D:1      | Learned a level 2 spell: Call Imp
   192 | D:1      | Reached XP level 3. HP: 25/26 MP: 6/9
   285 | D:2      | Learned a level 3 spell: Mephitic Cloud
   299 | D:2      | Noticed Sigmund
   360 | D:2      | Noticed Jessica
   384 | D:2      | Killed Jessica
   385 | D:2      | Reached skill level 1 in Air Magic
   385 | D:2      | Reached skill level 1 in Poison Magic
   385 | D:2      | Reached XP level 4. HP: 5/33 MP: 2/11
   594 | D:3      | Reached XP level 5. HP: 32/38 MP: 6/12
   691 | D:3      | Slain by an orc wizard

Illustrated notes

Levels and vault maps discovered:
D:1:      shiori_shiawase, layout_rooms, minmay_fountain_box
D:2:      layout_loops_ring, hellmonk_ecumenical_altar_defaced_shrine,
          uniq_sigmund, uniq_jessica
D:3:      layout_rooms

Skill      XL: |  1  2  3 |
---------------+----------+-----
Conjurations   | 2 3 4 |  4.4
Air Magic      | 1 |  1.9
Poison Magic   | 1 |  1.9
Dodging        | |  2.4
Stealth        | |  1.4
Spellcasting   | |  4.0
Summonings     | |  1.2
Translocations | |  1.2

Action                   |  1- 3 |  4- 6 || total
-------------------------+-------+-------++-------
Melee: Dagger            |     3 |       ||     3
       Hand axe          |     2 |     9 ||    11
 Cast: Magic Dart        |    39 |    27 ||    66
       Call Imp          |     7 |     6 ||    13
       Mephitic Cloud    |       |     1 ||     1
Armor: Robe              |     5 |    12 ||    17
Dodge: Dodged            |    17 |    22 ||    39
